 Dungeon Crawl Stone Soup version 0.29.0-7-g18a832c13a (webtiles) character file.

Game seed: 6793763228697546863

8808 Sobieck the Fighter (level 11, 0/72 HPs)
             Began as a Kobold Earth Elementalist on Aug 31, 2022.
             Was a Follower of Uskayaw.
             Slain by an 11-headed hydra (5 damage)
             ... on level 1 of the Lair of Beasts.
             The game lasted 00:34:01 (13877 turns).

Sobieck the Fighter (Kobold Earth Elementalist)    Turns: 13877, Time: 00:34:01

Health: 0/72       AC: 13    Str:  5    XL:     11   Next: 62%
Magic:  0/27       EV: 14    Int: 22    God:    Uskayaw [*.....]
Gold:   521        SH:  5    Dex: 20    Spells: 13/16 levels left

rFire   . . .      SeeInvis .   a - +2 falchion of Tigeghopn {speed, *Rage MP+9 Dex+5, long}
rCold   + . .      Faith    .   k - +0 buckler
rNeg    . . .      Spirit   +   G - +0 troll leather armour {Pargi}
rPois   .          Reflect  .   (no helmet)
rElec   .          Harm     .   (no cloak)
rCorr   .          Rampage  .   z - +2 pair of gloves
Will    .....      Rage     20% h - +1 pair of boots {Stlth+}
Stlth   ++++++....              T - amulet of guardian spirit
HPRegen 1.02/turn               f - ring of protection from cold
MPRegen 0.20/turn               c - +4 ring of protection

@: no status effects
A: small, no large weapons, nightstalker 3
a: Renounce Religion, Stomp


You were on level 1 of the Lair of Beasts.
You worshipped Uskayaw.
Uskayaw was aware of your devotion.
You visited 3 branches of the dungeon, and saw 13 of its levels.

You collected 790 gold pieces.
You spent 269 gold pieces at shops.


Innate Abilities, Weirdness & Mutations

You are small and have problems with some larger weapons.
You are completely attuned to the shadows.


   Skills:
 + Level 10.2 Fighting
 + Level 8.4 Short Blades
 + Level 1.4 Armour
 + Level 3.6 Dodging
 + Level 9.5 Stealth
 + Level 1.3 Shields
 - Level 3.0 Spellcasting
 - Level 1.0 Transmutations
 - Level 6.0 Earth Magic
 - Level 10.0 Invocations
 + Level 2.0 Evocations


You had 13 spell levels left.
You knew the following spells:

 Your Spells              Type           Power      Damage    Failure   Level
a - Sandblast             Erth           58%        2d13      2%          1
b - Passwall              Tmut/Erth      15%        N/A       11%         2

Your spell library contained the following spells:

 Spells                   Type           Power      Damage    Failure   Level
 Stone Arrow              Conj/Erth      32%        3d9       26%         3
 Magic Dart               Conj           12%        1d3       30%         1
 Searing Ray              Conj           6%         2d4       43%         2
 Petrify                  Tmut/Erth      18%        N/A       58%         4
 Ignite Poison            Fire/Tmut/Pois 4%         N/A       63%         3
 Mephitic Cloud           Conj/Pois/Air  3%         N/A       67%         3
 Ice Form                 Ice/Tmut       5%         N/A       94%         4
 Fulminant Prism          Conj/Hex       1%         3d6       97%         4
 Hailstorm                Conj/Ice       3%         3d3       97%         4
 Summon Ice Beast         Ice/Summ       3%         N/A       97%         4
 Freezing Cloud           Conj/Ice/Air   1%         6-21      100%        5
 Iskenderun's Battlesphe  Conj           3%         2d6       100%        5
 Summon Mana Viper        Hex/Summ       3%         N/A       100%        5
 Iron Shot                Conj/Erth      8%         9d3       100%        6
 Simulacrum               Ice/Necr       1%         N/A       100%        6
 Monstrous Menagerie      Summ           1%         N/A       100%        7
 Spellforged Servitor     Conj/Summ      1%         N/A       100%        7

Inventory:

Hand Weapons
 a - the +2 falchion of Tigeghopn (weapon) {speed, *Rage MP+9 Dex+5, long}
   (You found it on level 2 of the Dungeon)

   Attacks with this weapon are significantly faster.
   Dex:       It affects your dexterity (+5).
   MP:        It affects your magic capacity (+9).
   *Rage:     It berserks you when you make melee attacks (+20% chance).
 b - a +2 dagger of venom {short}
   (You took it off an orc on level 5 of the Dungeon)
 g - a +0 dagger {short}
   (You took it off a goblin on level 1 of the Dungeon)
 I - a +1 rapier {short}
   (You found it on level 4 of the Dungeon)
 W - a +0 dagger {short}
   (You took it off a kobold on level 1 of the Dungeon)
Missiles
 d - 6 curare-tipped darts {=fthrowing}
 j - 136 stones {throwing}
 n - 2 throwing nets {=f!fthrowing}
 s - 45 poisoned darts {throwing}
Armour
 h - a +1 pair of boots of stealth (worn)
   (You bought it in a shop on level 7 of the Dungeon)
 k - a +0 buckler (worn)
   (You found it on level 7 of the Dungeon)
 m - a +0 animal skin
   (You took it off Grum on level 1 of the Lair of Beasts)
 p - a +0 robe
   (You found it on level 4 of the Dungeon)
 t - a +0 robe
   (You found it on level 2 of the Dungeon)
 w - a +0 scale mail
   (You found it on level 2 of the Dungeon)
 z - a +2 pair of gloves (worn)
   (You found it on level 3 of the Dungeon)
 C - a +0 robe
   (You took it off an orc wizard on level 4 of the Dungeon)
 E - a +0 leather armour
   (You took it off an orc on level 3 of the Dungeon)
 G - a +0 troll leather armour (worn) {Pargi}
   (You found it on level 3 of the Dungeon)
 H - a +0 plate armour
   (You found it on level 5 of the Dungeon)
 P - a +0 leather armour
   (You took it off an orc on level 4 of the Dungeon)
 S - a +0 scale mail
   (You found it on level 5 of the Dungeon)
 U - a scarf of harm
   (You found it on level 5 of the Dungeon)
 V - a +0 ring mail
   (You found it on level 5 of the Dungeon)
 X - a +0 robe
   (You took it off an orc wizard on level 5 of the Dungeon)
 Y - a +0 robe
   (You took it off an orc wizard on level 5 of the Dungeon)
Jewellery
 c - a +4 ring of protection (right hand)
   (You found it on level 7 of the Dungeon)
 f - a ring of protection from cold (left hand)
   (You found it on level 1 of the Dungeon)
 v - a ring of positive energy
   (You found it on level 2 of the Dungeon)
 L - a ring of ice
   (You found it on level 4 of the Dungeon)
 T - an amulet of guardian spirit (around neck)
   (You found it on level 5 of the Dungeon)
 Z - a +6 ring of strength
   (You found it on level 5 of the Dungeon)
Wands
 l - a wand of charming (4)
   (You found it on level 11 of the Dungeon)
 q - a wand of mindburst (10)
   (You found it on level 7 of the Dungeon)
 D - a wand of iceblast (20)
   (You found it on level 7 of the Dungeon)
Scrolls
 i - a scroll of blinking {!r}
 u - a scroll of magic mapping {!r}
 N - a scroll of fear
 Q - a scroll of vulnerability {!r!r}
 R - a scroll of teleportation {@r4}
Potions
 e - 4 potions of flight
 o - 4 potions of might
 r - a potion of lignification {unknown}
 x - a potion of haste {@q3}
 y - 5 potions of magic
 A - 5 potions of heal wounds {@q2}
 B - a potion of resistance
 F - 7 potions of curing {@q1}
 J - a potion of berserk rage {!q}
 K - a potion of brilliance {unknown}
 M - a potion of attraction {!q}

Dungeon Overview and Level Annotations

Branches:
Dungeon (11/15) Zot: 26057  Temple (1/1) D:4 Zot: 5861    Lair (1/5) D:9 Zot: 5599
    Orc (0/2) D:9

Altars:
Ashenzari
Cheibriados
Dithmenos
Elyvilon
Fedhas
Gozag
Hepliaklqana
Kikubaaqudgha
Makhleb
Nemelex Xobeh
Okawaru
Qazlal
Ru
Sif Muna
Trog
Uskayaw
Vehumet
Wu Jian
Xom
Yredelemnul
Zin
The Shining One

Shops:
D:7 [   D:8 (   D:10 !

Annotations:
D:5 exclusion: water moccasin
D:7 1 runed translucent door, Crazy Yiuf
D:11 exclusions: basilisk, boulder beetle and death knight

#..## #.......... ##..#
##..........
.##.######## ##.........
.##...##...## ##........
..#.........## ##.......
.#...........# ##......
.#..........#######.....
............###.#..#####
..............##@DP#
.................###
............P#
......#####.## ....P##
#..# #..#


You could see a 11-headed hydra.


Message History

Unknown command.
You start resting.
You recover from your berserk rage.
Unknown command.
You see here a wolf corpse.
m - a +0 animal skin Your pack is full.
Things that are here:
a -2 glaive {polearm}; a fizzy purple potion; the gnoll corpse of Grum You see here a wolf corpse.
You drop a +0 robe.
Unknown command.
You see here a wolf corpse.
r - a fizzy purple potion
Things that are here:
a -2 glaive {polearm}; the gnoll corpse of Grum You see here a wolf corpse.
You see here a +0 robe.
You start waiting.
Done waiting.
Unknown command.
You see here a wolf corpse.
Unknown command.
Things that are here:
a -2 glaive {polearm}; the gnoll corpse of Grum Unknown command.
Unknown command.
d - 6 curare-tipped darts {=fthrowing} (gained 4) Unknown command.
You now have 521 gold pieces (gained 10).
Your pack is full.
You see here a scroll labelled GEV FENKESS.
Unknown command.
You drop a +0 scale mail.
O - a scroll labelled GEV FENKESS You see here a +0 scale mail.
(D) Dungeon (T) Temple (L) Lair (O) Orcish Mines
Where to? (Enter - Lair:1, ? - help)
There is a staircase back to the Dungeon here.
You climb upwards.
Welcome back to the Dungeon!
There is a staircase to the Lair here.
The air fills with toxic fumes!
As you read the scroll labelled GEV FENKESS, it crumbles to dust.
It was a scroll of poison.
Unknown command.
Unknown command.
You climb downwards.
Welcome back to the Lair of Beasts!
There is a staircase back to the Dungeon here.
Unknown command.
Unknown command.
There is a staircase back to the Dungeon here.
s - 45 poisoned darts {throwing} (gained 6) Unknown command.
An eight-headed hydra comes into view.
Danger!
Unknown command.
The eight-headed hydra roars!
Danger!
Aiming: Charm
Press: ? - help, Shift-Dir - straight line, f - eight-headed hydra
Aim: an eight-headed hydra (chance to affect: 21%)
The eight-headed hydra resists with almost no effort.
Unknown command.
Unknown command.
You lop one of the eight-headed hydra's heads off!
The seven-headed hydra grows two more!
You hit the nine-headed hydra.
You lop one of the nine-headed hydra's heads off!
The eight-headed hydra grows two more!
You slash the ten-headed hydra! The ten-headed hydra misses you.
You block the ten-headed hydra's attack.
The ten-headed hydra bites you but does no damage.
The ten-headed hydra misses you. The ten-headed hydra bites you! x2
You block the ten-headed hydra's attack.
The ten-headed hydra bites you.
You block the ten-headed hydra's attack.
The ten-headed hydra bites you!
Unknown command.
You barely miss the ten-headed hydra. The ten-headed hydra bites you.
The ten-headed hydra closely misses you.
The ten-headed hydra bites you. x3; The ten-headed hydra bites you!
* * * LOW HITPOINT WARNING * * *
The ten-headed hydra bites you.
* * * LOW HITPOINT WARNING * * *
The ten-headed hydra bites you!
* * * LOW HITPOINT WARNING * * *
The ten-headed hydra bites you.
* * * LOW HITPOINT WARNING * * *
The ten-headed hydra completely misses you.
You hack one of the ten-headed hydra's heads off!
The nine-headed hydra grows two more!
You hit the 11-headed hydra. The 11-headed hydra bites you.
* * * LOW HITPOINT WARNING * * *
The 11-headed hydra bites you!
* * * LOW HITPOINT WARNING * * *
The 11-headed hydra bites you!
* * * LOW HITPOINT WARNING * * *
The 11-headed hydra barely misses you. x3; The 11-headed hydra bites you.
* * * LOW HITPOINT WARNING * * *
The 11-headed hydra bites you!
You die...

Skill      XL: |  1  2  3  4  5  6  7  8  9 10 11 |
---------------+----------------------------------+-----
Stealth        | 3 4 5 6 8 9 |  9.5
Short Blades   | 1 2 3 4 5 6 8 |  8.4
Earth Magic    | 4 5 6 |  6.0
Fighting       | 1 3 6 9 10 | 10.2
Invocations    | 2 3 6 9 10 | 10.0
Evocations     | 2 |  2.0
Armour         | 1 |  1.4
Dodging        | 3 |  3.6
Shields        | 1 |  1.3
Spellcasting   | 3 |  3.0
Transmutations | |  1.0

Action                   |  1- 3 |  4- 6 |  7- 9 | 10-12 || total
-------------------------+-------+-------+-------+-------++-------
Melee: Dagger            |     9 |    68 |    67 |   180 ||   324
       Falchion          |       |       |   107 |   246 ||   353
       Punch             |       |       |     1 |       ||     1
 Cast: Sandblast         |    43 |    86 |    14 |       ||   143
       Passwall          |     5 |     4 |     9 |     4 ||    22
Evoke: Wand              |       |       |       |     1 ||     1
  Use: Scroll            |       |     9 |     9 |     4 ||    22
 Stab: Sleeping          |     5 |     6 |    26 |    18 ||    55
       Paralysed         |       |     2 |     8 |    16 ||    26
       Distracted        |       |       |       |     2 ||     2
Armor: Robe              |     1 |     3 |       |       ||     4
       Troll leather arm |       |    22 |    43 |   109 ||   174
Dodge: Dodged            |     5 |    70 |    57 |   196 ||   328
Block: Buckler           |       |       |    14 |    73 ||    87

Levels and vault maps discovered:
D:1:      dpeg_arrival_rooms_a, layout_basic
D:2:      layout_loops_ring, basic_altar, minmay_misc_feat_room, hex_tiny
D:3:      layout_basic, lemuel_round_altar, uniq_pargi
D:4:      minmay_opposing_rooms, layout_loops_ring,
          mainiacjoe_overflow_catwalk_spiral, tso_oasis_becter,
          minmay_temple_entry_fiery
D:5:      layout_loops_ring, vehumet_crystals, lemuel_crystal_altar,
          mrwooster_statue_mirror, minmay_misc_feat_alley,
          hangedman_decor_slide_cut, eino_small_chamber_without_monster,
          minmay_misc_feat_hallway
D:6:      layout_loops_ring, uniq_menkaure
D:7:      layout_loops_ring, overflow_temple_1_default, grunt_qazlal_sundering,
          serial_shops, kennysheep_mini, nrook_mini_vaults,
          uniq_crazy_yiuf_cottage, uniq_maggie
D:8:      layout_cave_pools, serial_shops, nicolae_shop_trees,
          minmay_misc_feat_tower, chequers_serial_rivers_small_a,
          serial_bayou_ford_a, uniq_erica
D:9:      layout_loops_ring, nemelex_xobeh_ov_fountains_minmay, erik_lair_island
D:10:     lemuel_ogre_cave, layout_small_grid, amcnicky_altar_gilded,
          kennysheep_little_box, serial_shops, shop
D:11:     minmay_the_grid_triangle_9x9_recursive_2
          [minmay_the_grid_triangle_9x9_prize_insulated,
          minmay_the_grid_triangle_9x9_warning,
          minmay_the_grid_triangle_9x9_corrupted_corridor,
          minmay_the_grid_triangle_9x9_zippers_horizontal], layout_basic,
          enter_trove_2
Temple:   hellmonk_temple_divided_pantheon
Lair:1:   layout_cave_pods, uniq_grum, uniq_fannar

Notes
Turn   | Place    | Note
-------+----------+-------------------------------------------
     0 | D:1      | Sobieck the Kobold Earth Elementalist began the quest for
                  | the Orb.
     0 | D:1      | Reached XP level 1. HP: 10/10 MP: 3/3
   263 | D:1      | Reached skill level 3 in Stealth
   352 | D:1      | Reached XP level 2. HP: 15/15 MP: 1/5
   395 | D:1      | Learned a level 2 spell: Passwall
   443 | D:1      | Reached skill level 1 in Short Blades
   918 | D:1      | Reached XP level 3. HP: 19/19 MP: 4/6
  1684 | D:2      | Found a snail-covered altar of Cheibriados.
  1740 | D:2      | Reached skill level 2 in Short Blades
  2039 | D:2      | Reached XP level 4. HP: 24/24 MP: 5/7
  2077 | D:2      | Reached skill level 4 in Stealth
  2504 | D:2      | Identified the +2 falchion of Tigeghopn {speed, *Rage MP+9
                  | Dex+5}
  3261 | D:3      | Reached XP level 5. HP: 28/28 MP: 5/8
  3341 | D:3      | Noticed Pargi
  3382 | D:3      | Killed Pargi
  3383 | D:3      | Reached skill level 3 in Short Blades
  3383 | D:3      | Reached skill level 5 in Stealth
  3383 | D:3      | Reached skill level 4 in Earth Magic
  3383 | D:3      | Reached XP level 6. HP: 12/32 MP: 3/9
  3715 | D:3      | Found a broken altar of Ashenzari.
  3892 | D:4      | Reached skill level 4 in Short Blades
  3963 | D:4      | Found a glowing golden altar of the Shining One.
  4211 | D:4      | Found a staircase to the Ecumenical Temple.
  4223 | Temple   | Entered the Ecumenical Temple
  4236 | Temple   | Found a transporter.
  4236 | Temple   | Found a transporter.
  4238 | Temple   | Found a transporter.
  4238 | Temple   | Found a transporter.
  4345 | Temple   | Became a worshipper of Uskayaw the Reveller
  4454 | D:4      | Found a blossoming altar of Fedhas.
  4484 | D:4      | Found a shimmering blue altar of Sif Muna.
  4550 | D:4      | Reached * piety under Uskayaw
  4696 | D:4      | Reached ** piety under Uskayaw
  4831 | D:4      | Reached *** piety under Uskayaw
  4855 | D:4      | Reached **** piety under Uskayaw
  5018 | D:4      | Reached skill level 6 in Stealth
  5020 | D:4      | Reached XP level 7. HP: 30/36 MP: 3/10
  5381 | D:5      | Entered Level 5 of the Dungeon
  5565 | D:5      | Found a radiant altar of Vehumet.
  5574 | D:5      | Noticed a water moccasin
  5678 | D:5      | Found an ornate altar of the Wu Jian Council.
  5835 | D:5      | Reached skill level 5 in Earth Magic
  5862 | D:5      | Reached skill level 1 in Fighting
  5862 | D:5      | Reached skill level 5 in Short Blades
  5862 | D:5      | Reached skill level 1 in Invocations
  6248 | D:5      | Reached skill level 2 in Invocations
  6248 | D:5      | Reached XP level 8. HP: 44/44 MP: 11/11
  6582 | D:6      | Reached skill level 2 in Fighting
  6680 | D:6      | Noticed Menkaure
  6716 | D:6      | Killed Menkaure
  6717 | D:6      | Reached skill level 7 in Stealth
  7111 | D:6      | Reached skill level 6 in Short Blades
  7177 | D:6      | Reached skill level 3 in Fighting
  7177 | D:6      | Reached skill level 3 in Invocations
  7604 | D:7      | Found Ijamergh's Antique Armour Shop.
  7607 | D:7      | Bought a pair of glowing boots for 165 gold pieces
  7623 | D:7      | Noticed a hornet
  7629 | D:7      | Killed a hornet
  7630 | D:7      | Reached skill level 8 in Stealth
  7630 | D:7      | Reached skill level 6 in Earth Magic
  7630 | D:7      | Reached XP level 9. HP: 51/51 MP: 9/12
  7719 | D:7      | Reached skill level 4 in Invocations
  7724 | D:7      | Reached skill level 4 in Fighting
  7986 | D:7      | Reached skill level 7 in Short Blades
  8046 | D:7      | Found a sacrificial altar of Ru.
  8069 | D:7      | Noticed Maggie
  8074 | D:7      | Killed Maggie
  8173 | D:7      | Reached skill level 9 in Stealth
  8341 | D:7      | Found a stormy altar of Qazlal.
  8748 | D:7      | Found a runed translucent door.
  8751 | D:7      | Noticed Crazy Yiuf
  8852 | D:8      | Reached skill level 5 in Invocations
  8854 | D:8      | Reached skill level 5 in Fighting
  8861 | D:8      | Reached ***** piety under Uskayaw
  8866 | D:8      | Reached skill level 8 in Short Blades
  8936 | D:8      | Found Iggad's Weapon Boutique.
  9030 | D:8      | HP: 18/81 [electric eel/bolt of electricity (8)]
  9204 | D:8      | Noticed Erica
  9259 | D:8      | Killed Erica
  9260 | D:8      | Reached skill level 6 in Fighting
  9260 | D:8      | Reached skill level 6 in Invocations
  9260 | D:8      | Reached XP level 10. HP: 61/61 MP: 15/15
  9320 | D:8      | Reached skill level 7 in Fighting
  9320 | D:8      | Reached skill level 7 in Invocations
  9401 | D:8      | You pick up a book of the Tundra and begin reading...
  9401 | D:8      | You add the spells Hailstorm, Ice Form and Simulacrum to
                  | your library.
 10058 | D:9      | Found a sparkling altar of Nemelex Xobeh.
 10209 | D:9      | You pick up a book of Power and begin reading...
 10209 | D:9      | You add the spells Iskenderun's Battlesphere, Iron Shot and
                  | Spellforged Servitor to your library.
 10417 | D:9      | You pick up a book of Conjurations {@e2} and begin
                  | reading...
 10417 | D:9      | You add the spells Magic Dart, Searing Ray and Fulminant
                  | Prism to your library.
 10436 | D:9      | Reached skill level 8 in Fighting
 10436 | D:9      | Reached skill level 8 in Invocations
 10743 | D:9      | Found a staircase to the Orcish Mines.
 10949 | D:9      | You add the spells Ignite Poison, Mephitic Cloud and
                  | Freezing Cloud to your library.
 11156 | D:9      | Reached skill level 9 in Invocations
 11218 | D:9      | Found a staircase to the Lair.
 11310 | D:10     | Entered Level 10 of the Dungeon
 11318 | D:10     | Found an iron altar of Okawaru.
 11323 | D:10     | Reached skill level 9 in Fighting
 11392 | D:10     | Reached XP level 11. HP: 71/71 MP: 13/17
 11608 | D:10     | Found Rusesupy's Distillery.
 11613 | D:10     | Bought a potion of attraction for 39 gold pieces
 11615 | D:10     | Bought a potion of heal wounds for 65 gold pieces
 11868 | D:10     | Reached skill level 10 in Fighting
 11868 | D:10     | Reached skill level 10 in Invocations
 12071 | D:10     | Found a white marble altar of Elyvilon.
 12570 | D:11     | Reached skill level 1 in Evocations
 12736 | D:11     | Noticed a two-headed ogre
 12755 | D:11     | Killed a two-headed ogre
 12756 | D:11     | Reached skill level 1 in Armour
 12756 | D:11     | Reached skill level 3 in Dodging
 12817 | D:11     | Noticed a death knight
 12869 | D:11     | Reached skill level 1 in Shields
 13201 | D:11     | Noticed a boulder beetle
 13338 | D:11     | You pick up a book of Beasts and begin reading...
 13338 | D:11     | You add the spells Summon Ice Beast, Summon Mana Viper and
                  | Monstrous Menagerie to your library.
 13477 | Lair:1   | Entered Level 1 of the Lair of Beasts
 13522 | Lair:1   | Noticed Grum
 13539 | Lair:1   | Reached skill level 2 in Evocations
 13551 | Lair:1   | Killed Grum
 13552 | Lair:1   | Reached skill level 3 in Spellcasting
 13862 | Lair:1   | Noticed an eight-headed hydra
 13877 | Lair:1   | HP: 15/72 [11-headed hydra (5)]
 13877 | Lair:1   | HP: 5/72 [11-headed hydra (5)]
 13877 | Lair:1   | Slain by an 11-headed hydra

Vanquished Creatures
  A two-headed ogre (D:11)
  Erica (D:8)
  Maggie (D:7)
  A troll (D:9)
  A hornet (D:7)
  2 shadows (D:10)
  A wraith (D:9)
  4 yaks (D:11)
  2 wyverns
  A basilisk (D:11)
  2 vampire mosquitoes (D:11)
  Grum (Lair:1)
  6 two-headed ogre zombies (D:10)
  Menkaure (D:6)
  Pargi (D:3)
  4 ice beasts
  2 sky beasts
  An orc warrior (D:9)
  A centaur (D:9)
  A phantom (D:6)
  8 wolves
  4 kobold brigands
  2 bullfrogs
  A necrophage (D:7)
  2 scorpions
  5 wights (D:9)
  23 killer bees
  A howler monkey (D:11)
  5 electric eels
  4 hounds
  A jelly (D:4)
  2 orc priests (D:8)
  6 orc wizards
  6 gnolls
  10 adders
  A shadow imp (D:6)
  2 white imps
  An ufetubus (D:5)
  A worm (D:3)
  2 dart slugs
  32 orcs
  8 bats
  11 endoplasms
  3 giant cockroaches
  7 goblins
  7 hobgoblins
  3 jackals
  6 quokkas
  6 ball pythons
  5 frilled lizards
  31 kobolds
  7 rats
248 creatures vanquished.

Vanquished Creatures (others)
  A kobold (D:8)
  4 plants
5 creatures vanquished.

Grand Total: 253 creatures vanquished

Table legend:
 A = Non-vault XP
 B = Vault XP
 C = Vault XP percentage of total XP
 D = Non-vault monster count
 E = Vault monster count
 F = Vault count percentage of total count
                 A         B        C        D         E       F
            +---------+---------+-------+---------+---------+-------
      Total |    8359 |    4224 |  33.6 |     215 |      33 |  13.3
            +---------+---------+-------+---------+---------+-------
        D:1 |      41 |       0 |   0.0 |      25 |       0 |   0.0
        D:2 |      56 |       0 |   0.0 |      20 |       0 |   0.0
        D:3 |      78 |     136 |  63.6 |      23 |       1 |   4.2
        D:4 |     191 |      43 |  18.4 |      25 |      10 |  28.6
        D:5 |     483 |       0 |   0.0 |      17 |       0 |   0.0
        D:6 |     491 |     165 |  25.2 |       8 |       1 |  11.1
        D:7 |     881 |     370 |  29.6 |      12 |       1 |   7.7
        D:8 |    1379 |     821 |  37.3 |      33 |       1 |   2.9
        D:9 |    1225 |     975 |  44.3 |      28 |       8 |  22.2
       D:10 |    1437 |     996 |  40.9 |      16 |       6 |  27.3
       D:11 |    2097 |     193 |   8.4 |       8 |       1 |  11.1
     Lair:1 |       0 |     525 | 100.0 |       0 |       4 | 100.0
            +---------+---------+-------+---------+---------+-------

Illustrated notes

Table legend:
 A = Kills in this place as a percentage of kills in entire the game.
 B = Kills by you in this place as a percentage of kills by you in the entire game.
 C = Kills by friends in this place as a percentage of kills by friends in the entire game.
 D = Other kills in this place as a percentage of other kills in the entire game.
 E = Experience gained in this place as a percentage of experience gained in the entire game.
 F = Experience gained in this place divided by the number of levels of this place that you have seen.
                   A       B       C       D       E      F
               +-------+-------+-------+-------+-------+----------------------
         Total | 100.0 | 100.0 |   N/A |   N/A | 100.0 | 967.9
       Dungeon |  98.4 |  98.4 |   N/A |   N/A |  95.8 | 1096.2
          Lair |   1.6 |   1.6 |   N/A |   N/A |   4.2 | 525.0
               +-------+-------+-------+-------+-------+----------------------

Table legend: (Time is in decaauts)
 A = Elapsed time spent in this place.
 B = Non-inter-level travel time spent in this place.
 C = Inter-level travel time spent in this place.
 D = Time resting spent in this place.
 E = Time spent auto-exploring this place.
 F = Levels seen in this place.
 G = Mean time per level.
                   A        B        C        D        E       F      G
               +--------+--------+--------+--------+--------+-----+--------+
         Total |  14048 |  13477 |    571 |   2070 |   8822 |  13 | 1080.6 |
       Dungeon |  13509 |  12978 |    531 |   1925 |   8655 |  11 | 1228.1 |
        Temple |    138 |    138 |      0 |      0 |     18 |   1 |  138.0 |
          Lair |    399 |    360 |     39 |    144 |    149 |   1 |  399.0 |
               +--------+--------+--------+--------+--------+-----+--------+

Top non-repeatable levels by time:
     D:1: 1578 daAuts
     D:9: 1381 daAuts
     D:4: 1340 daAuts
     D:3: 1335 daAuts
     D:7: 1322 daAuts
    D:10: 1260 daAuts
     D:8: 1183 daAuts
     D:6: 1163 daAuts
     D:5: 1064 daAuts
     D:2: 1036 daAuts
    D:11: 841 daAuts
  Lair:1: 399 daAuts
  Temple: 138 daAuts
